 Dungeon Crawl Stone Soup version 0.30.1-4-g462c640d31 (webtiles) character file.

Game seed: 16236315235908145242

17 hawla the Firebug (level 3, -1/26 HPs)
             Began as a Meteoran Fire Elementalist on Aug 24, 2023.
             Slain by a worm (9 damage)
             ... on level 3 of the Dungeon on Aug 25, 2023.
             The game lasted 00:02:15 (414 turns).

hawla the Firebug (Meteoran Fire Elementalist)       Turns: 414, Time: 00:02:17

Health: -1/26      AC:  2    Str:  9    XL:     3   Next: 2%
Magic:  0/8        EV: 13    Int: 18    God:
Gold:   22         SH:  0    Dex: 15    Spells: 4/7 levels left

rFire   . . .        g - +0 whip
rCold   . . .        (no shield)
rNeg    . . .        a - +0 robe
rPois   .            (no helmet)
rElec   .            (no cloak)
rCorr   .            (no gloves)
SInv    .            (no boots)
Will    .....        (no amulet)
Stlth   +            (no ring)
HPRegen 0.24/turn    (no ring)
MPRegen 0.11/turn

%: no passive effects
@: glowing
A: sense surroundings 1, otherworldly, glowing, explore regen
a: no special abilities


You were on level 3 of the Dungeon.
You visited 1 branch of the dungeon, and saw 3 of its levels.

You collected 22 gold pieces.

Inventory:

Hand Weapons
 g - a +0 whip (weapon)
Armour
 a - a +0 robe (worn)
Scrolls
 c - a scroll of fear {unknown}
 d - a scroll of amnesia {unknown}
 e - 2 scrolls of silence {unknown}
 f - a scroll of summoning {unknown}
Potions
 b - a potion of magic


   Skills:
 + Level 2.9 Dodging
 - Level 1.4 Stealth
 + Level 2.9 Spellcasting
 + Level 1.3 Conjurations
 + Level 4.2 Fire Magic


You had 4 spell levels left.
You knew the following spells:

 Your Spells              Type           Power      Damage    Failure   Level
a - Foxfire               Conj/Fire      48%        2x1d6     5%          1
b - Scorch                Fire           34%        2d6       4%          2

Your spell library contained the following spells:

 Spells                   Type           Power      Damage    Failure   Level
 Inner Flame              Hex/Fire       10%        N/A       21%         3
 Volatile Blastmotes      Fire/Tloc      20%        2d11      21%         3
 Flame Wave               Conj/Fire      12%        2d6       45%         4


Dungeon Overview and Level Annotations

Branches:
Dungeon (3/15) Zot: 1385

Altars:
Nemelex Xobeh

Annotations:
D:2 Terence


Innate Abilities, Weirdness & Mutations

You passively map a small area around you.
You are easily found by Zot.
You glow in the dark.
You regain HP and MP as you explore.


Message History

The foxfire hits the worm.
The worm is moderately wounded.
You hit the worm.
The worm is moderately wounded.
The foxfire hits the worm.
The worm is heavily wounded.
The foxfire hits the worm.
The worm is almost dead.
The worm bites you.
There is an escape hatch in the ceiling here.
You see here 2 gold pieces.
You see here a +0 whip.
g - a +0 whip (weapon)
Setting a skill training target for Maces & Flails at 12.0.
Casting: Foxfire (safe; 5% risk of failure)
Confirm with . or Enter, or press ? or * to list all spells.
You conjure some foxfire!
The worm bites you!
You barely miss the worm.
The worm is heavily wounded.
The foxfire hits the worm.
The worm is heavily wounded.
The foxfire hits the worm.
The worm is severely wounded.
You hit the worm but do no damage.
The worm is severely wounded.
The worm bites you.
You hit the worm but do no damage.
The worm is heavily wounded.
The worm bites you!
Casting: Foxfire (safe; 5% risk of failure)
Confirm with . or Enter, or press ? or * to list all spells.
You conjure some foxfire!
You hit the worm but do no damage.
The worm is heavily wounded.
The foxfire hits the worm.
The worm is heavily wounded.
The foxfire hits the worm but does no damage.
The worm is heavily wounded.
The worm bites you!
You die...

#..........#
#........†.#
#..........#
#......!...######
#...............##
#..$.<.....#..#..#
+..........#.....##
#....w.......###..## *
#....@......##^##..##
*
#########..##.^.##..##
* ##..##^._..##..#
##..##.......##.. ,
#..##.........##.
*#..#.^.#####...#. ,.
#..##^'#.#.#'^##. *
,,* ..
#...###..#..###.. ,
..., ,,#.....###.....#


You could see a worm.

Vanquished Creatures
  2 dart slugs
  A bat (D:1)
  3 goblins (D:1)
  A kobold (D:2)
  2 quokkas
  A frilled lizard (D:1)
  2 rats
12 creatures vanquished.

Vanquished Creatures (others)
  40 foxfires
40 creatures vanquished.

Grand Total: 52 creatures vanquished

Notes
Turn   | Place    | Note
-------+----------+-------------------------------------------
     0 | D:1      | hawla the Meteoran Fire Elementalist began the quest for
                  | the Orb.
     0 | D:1      | Reached XP level 1. HP: 14/14 MP: 5/5
    37 | D:2      | Noticed Terence
   236 | D:1      | Reached XP level 2. HP: 20/20 MP: 3/6
   248 | D:1      | Reached skill level 4 in Fire Magic
   251 | D:1      | Learned a level 2 spell: Scorch
   350 | D:3      | Found a sparkling altar of Nemelex Xobeh.
   396 | D:3      | Reached XP level 3. HP: 26/26 MP: 1/8
   414 | D:3      | Slain by a worm

Illustrated notes

Levels and vault maps discovered:
D:1:      lemuel_arrival_funnel, layout_loops_corners
D:2:      layout_basic, minivault_24, minmay_pentomino_s2, uniq_terence
D:3:      layout_basic, nicolae_dithmenos_the_darkroom,
          nemelex_spade_bored_becter, serial_shops, shop,
          hellmonk_ecumenical_altar_watching_god

Skill      XL: |  1  2 |
---------------+-------+-----
Fire Magic     | 4 |  4.2
Dodging        | |  2.9
Stealth        | |  1.4
Spellcasting   | |  2.9
Conjurations   | |  1.3

Action                     || total
---------------------------++-------
  Melee: Unarmed           ||     2
         Whip              ||     4
   Cast: Foxfire           ||    24
         Scorch            ||     1
 Armour: Robe              ||     1
  Dodge: Dodged            ||     4
